 Dungeon Crawl Stone Soup version 0.28-a0-1404-g4df0f3684d (webtiles) character file.

Game seed: 7823598383543781830

3295 IdlyInterested the Covered (level 9, -2/62 (69) HPs)
             Began as a Demonspawn Hedge Wizard on Jan 5, 2022.
             Was an Initiate of Qazlal.
             Slain by a necrophage (5 damage)
             ... on level 7 of the Dungeon.
             The game lasted 00:22:35 (9312 turns).

IdlyInterested the Covered (DsWz)                   Turns: 9312, Time: 00:22:35

HP:   -2/62 (69)    AC: 14    Str: 13    XL:     9   Next: 69%
MP:   23/23         EV:  5    Int: 18    God:    Qazlal [......]
Gold: 436           SH: 11    Dex: 14    Spells: 17/18 levels left

rFire   + + +      SeeInvis .   g - +2 dagger (venom)
rCold   + . .      Faith    .   i - +2 shield of Resistance {rF++ rC++ Will++}
rNeg    . . .      Spirit   .   t - +0 chain mail of Voahenej {MP+9 Int+2}
rPois   .          Reflect  .   c - +1 hat
rElec   .          Harm     .   (no cloak)
rCorr   .          Rampage  .   (no gloves)
Will    ++...                   (no boots)
Stlth   ..........              (no amulet)
HPRegen 0.20/turn               a - ring of fire
MPRegen 0.18/turn               (no ring)

@: heavily drained
A: yellow scales 2, demonic guardian 1, powered by death 2, low mp 1
a: Renounce Religion


You were on level 7 of the Dungeon.
You worshipped Qazlal.
Qazlal was noncommittal.
You visited 2 branches of the dungeon, and saw 8 of its levels.

You collected 436 gold pieces.

Inventory:

Hand Weapons
 g - a +2 dagger of venom (weapon)
 k - a +0 short sword of freezing
 s - a +1 dagger of electrocution
 u - a +0 dagger of speed
 v - a +2 dagger of flaming
Missiles
 f - 287 stones
 h - 2 javelins
 o - 8 boomerangs
Armour
 c - a +1 hat (worn)
 d - a +0 leather armour
 i - the +2 shield of Resistance (worn) {rF++ rC++ Will++}
   (You acquired it on level 1 of the Dungeon)

   rF:        It greatly protects you from fire.
   rC:        It greatly protects you from cold.
   Will:      It greatly increases your willpower.
 q - an orb of energy
 t - the +0 chain mail of Voahenej (worn) {MP+9 Int+2}
   (You found it on level 4 of the Dungeon)

   Int:       It affects your intelligence (+2).
   MP:        It affects your magic capacity (+9).
Jewellery
 a - a ring of fire (left hand)
Wands
 p - a wand of paralysis (17)
Potions
 e - a potion of curing
 j - a potion of attraction
 l - a potion of brilliance
 m - a potion of flight


   Skills:
 * Level 5.9 Fighting
 + Level 3.1 Short Blades
 - Level 3.0 Throwing
 - Level 6.0 Armour
 * Level 4.4 Dodging
 - Level 2.0 Stealth
 - Level 4.0 Shields
 - Level 5.0 Spellcasting
 - Level 2.0 Conjurations
 - Level 1.0 Summonings
 - Level 1.0 Translocations
 - Level 3.0 Invocations
 * Level 2.6 Evocations


You had 17 spell levels left.
You knew the following spells:

 Your Spells              Type           Power      Damage    Failure   Level
a - Magic Dart            Conj           44%        1d5       99%         1

Your spell library contained the following spells:

 Spells                   Type           Power      Damage    Failure   Level
 Foxfire                  Conj/Fire      48%        2x1d6     99%         1
 Animate Skeleton         Necr           8%         N/A       100%        1
 Pain                     Necr           16%        1d4       100%        1
 Slow                     Hex            16%        N/A       100%        1
 Blink                    Tloc           16%        N/A       100%        2
 Call Imp                 Summ           8%         N/A       100%        2
 Passwall                 Tmut/Erth      3%         N/A       100%        2
 Conjure Flame            Conj/Fire      12%        6-21      100%        3
 Inner Flame              Hex/Fire       6%         N/A       100%        3
 Mephitic Cloud           Conj/Pois/Air  6%         N/A       100%        3
 Ozocubu's Armour         Ice            4%         N/A       100%        3
 Swiftness                Air            4%         N/A       100%        3
 Vampiric Draining        Necr           4%         2d6       100%        3
 Flame Wave               Conj/Fire      12%        2d5       100%        4
 Metabolic Englaciation   Hex/Ice        2%         N/A       100%        5
 Simulacrum               Ice/Necr       2%         N/A       100%        6


Dungeon Overview and Level Annotations

Branches:
Dungeon (7/15)             Temple (1/1) D:5

Altars:
Ashenzari
Cheibriados
Dithmenos
Elyvilon
Fedhas
Gozag
Hepliaklqana
Kikubaaqudgha
Makhleb
Nemelex Xobeh
Okawaru
Qazlal
Ru
Sif Muna
Trog
Uskayaw
Vehumet
Wu Jian
Xom
Yredelemnul
Zin
The Shining One


Innate Abilities, Weirdness & Mutations

You are mostly covered in yellow scales. (AC +3)
A weak demonic guardian rushes to your aid.
You regenerate health from kills.
Your magical capacity is low. (-10% MP)


Message History

The phantom is moderately damaged.
The phantom barely misses you.
Your quasit closely misses the necrophage.
Your quasit claws the necrophage but does no damage.
Your quasit claws the necrophage.
The necrophage hits you but does no damage.
You hit the phantom.
The phantom is heavily damaged.
Your quasit disappears in a puff of smoke!
You block the phantom's attack.
The wight hits you from afar with a +0 halberd.
* * * LOW HITPOINT WARNING * * *
You feel drained.
The necrophage hits you but does no damage.
You hit the phantom.
The phantom is heavily damaged.
The phantom barely misses you. You block the wight's attack.
The necrophage barely misses you.
You closely miss the phantom.
The phantom is heavily damaged.
The phantom barely misses you. You block the wight's attack.
You block the necrophage's attack.
You hit the phantom.
The phantom is heavily damaged.
The phantom hits you.
* * * LOW HITPOINT WARNING * * *
The phantom blinks!
You blink.
The phantom hits you but does no damage.
You hit the phantom but do no damage.
The phantom is heavily damaged.
The phantom barely misses you.
You hit the phantom.
The phantom is heavily damaged.
The phantom hits you but does no damage.
You block the necrophage's attack.
You barely miss the phantom.
The phantom is heavily damaged.
The phantom hits you but does no damage.
The necrophage hits you.
You die...

# #####.##.#.# ..... ..
.......... ...... ...#
#... ....#......
.....####.####.#.#...."..
...........).............
.........###..#..##.....#
.....###................#
.....#####..###n........#
.. ...........@....=.....
...?.....#.W#.##### .>
...........##.# .
#......<..###.
#.........# #.........#
#.........# #.........#
..........#


You could see a phantom and a necrophage.

Vanquished Creatures
  The ghost of AverageBear the Shield-Bearer, a novice FoFi (D:5)
  Grinder (D:4)
  Sigmund (D:4)
  3 yaks (D:5)
  The ghost of Urgle the Digger, an amateur DrEE (D:6)
  A water moccasin (D:6)
  A black bear (D:5)
  Duvessa (D:4)
  A sky beast (D:6)
  A centaur (D:6)
  3 phantoms
  A scorpion (D:6)
  A bullfrog (D:6)
  A wyvern skeleton (D:5)
  Dowan (D:4)
  4 wights
  2 centaur skeletons
  3 hounds
  2 orc wizards (D:4)
  A hound skeleton (D:4)
  3 gnolls (D:2)
  5 adders
  2 worms
  3 dart slugs
  5 orcs
  5 endoplasms
  4 giant cockroaches
  4 goblins
  5 hobgoblins
  5 jackals (D:4)
  2 quokkas
  3 ball pythons
  3 bats
  3 frilled lizards (D:1)
  9 kobolds
  4 rats
96 creatures vanquished.

Vanquished Creatures (collateral kills)
  2 yaks (D:5)
  3 wights
  A gnoll (D:2)
6 creatures vanquished.

Grand Total: 102 creatures vanquished

Notes
Turn   | Place    | Note
-------+----------+-------------------------------------------
     0 | D:1      | IdlyInterested the Demonspawn Hedge Wizard began the quest
                  | for the Orb.
     0 | D:1      | Reached XP level 1. HP: 13/13 MP: 4/4
   313 | D:1      | Reached skill level 1 in Translocations
   771 | D:1      | Reached skill level 1 in Armour
   771 | D:1      | Gained mutation: A weak demonic guardian rushes to your
                  | aid. [demonic ancestry]
   771 | D:1      | Reached XP level 2. HP: 18/19 MP: 6/6
  1393 | D:1      | Found a faded altar of an unknown god.
  1938 | D:1      | Identified a scroll of acquirement
  1938 | D:1      | Acquired the +2 shield of Resistance {rF++ rC++ Will++}
  1938 | D:1      | Found the +2 shield of Resistance {rF++ rC++ Will++}
  1946 | D:1      | Gained mutation: Your magical capacity is low. (-10% MP)
                  | [potion of mutation]
  2053 | D:2      | Reached XP level 3. HP: 25/25 MP: 6/6
  2057 | D:2      | Reached skill level 2 in Armour
  2063 | D:2      | Reached skill level 1 in Throwing
  2381 | D:2      | Reached skill level 1 in Fighting
  2381 | D:2      | Reached XP level 4. HP: 24/32 MP: 7/7
  3165 | D:3      | Reached skill level 3 in Armour
  3650 | D:3      | Gained mutation: You are partially covered in yellow
                  | scales. (AC +2) [demonic ancestry]
  3650 | D:3      | Reached XP level 5. HP: 37/37 MP: 8/8
  4005 | D:4      | Reached skill level 1 in Shields
  4032 | D:4      | Noticed Sigmund
  4041 | D:4      | Killed Sigmund
  4042 | D:4      | Reached skill level 4 in Armour
  4042 | D:4      | Reached skill level 1 in Evocations
  4042 | D:4      | Gained mutation: You regenerate a little health from kills.
                  | [demonic ancestry]
  4042 | D:4      | Reached XP level 6. HP: 40/47 MP: 9/9
  4086 | D:4      | Noticed Grinder
  4110 | D:4      | Killed Grinder
  4111 | D:4      | Reached skill level 1 in Invocations
  4111 | D:4      | Gained mutation: You are mostly covered in yellow scales.
                  | (AC +3) [demonic ancestry]
  4111 | D:4      | Reached XP level 7. HP: 24/53 MP: 10/10
  4433 | D:4      | Identified the +0 chain mail of Voahenej {MP+9 Int+2}
  4548 | D:4      | Noticed Duvessa
  4548 | D:4      | Noticed Dowan
  4560 | D:4      | Killed Duvessa
  4575 | D:4      | Killed Dowan
  4899 | D:5      | Entered Level 5 of the Dungeon
  5090 | D:5      | Found a runed translucent door.
  5092 | D:5      | Noticed AverageBear's ghost (novice FoFi)
  5208 | D:5      | Noticed a yak
  5209 | D:5      | Noticed a yak
  5210 | D:5      | Noticed a yak
  5210 | D:5      | Noticed a yak
  5211 | D:5      | Noticed a yak
  5242 | D:5      | Killed a yak
  5243 | D:5      | Reached skill level 5 in Fighting
  5243 | D:5      | Reached XP level 8. HP: 22/62 MP: 11/11
  5710 | D:5      | Found a staircase to the Ecumenical Temple.
  5741 | Temple   | Entered the Ecumenical Temple
  5942 | Temple   | Became a worshipper of Qazlal Stormbringer
  7095 | D:5      | Killed AverageBear's ghost
  7096 | D:5      | Reached skill level 1 in Short Blades
  7096 | D:5      | Reached skill level 5 in Armour
  7096 | D:5      | Reached skill level 5 in Spellcasting
  7096 | D:5      | Gained mutation: You regenerate health from kills. [demonic
                  | ancestry]
  7096 | D:5      | Reached XP level 9. HP: 18/68 MP: 14/14
  7381 | D:6      | Noticed Urgle's ghost (amateur DrEE)
  7382 | D:6      | Found a runed translucent door.
  7448 | D:6      | Killed Urgle's ghost
  7866 | D:6      | Reached skill level 6 in Armour
  8253 | D:6      | Found a shadowy altar of Dithmenos.
  9308 | D:7      | HP: 2/62 [phantom (3)]
  9312 | D:7      | Slain by a necrophage

Illustrated notes

Levels and vault maps discovered:
D:1:      dpeg_arrival_court, layout_basic,
          hellmonk_ecumenical_altar_heavens_door, minmay_pentomino_s2
D:2:      layout_basic
D:3:      layout_rooms, kennysheep_generic_room_10
D:4:      layout_rooms, uniq_sigmund, uniq_grinder, uniq_duvessa
D:5:      layout_layer_cave, minmay_temple_entry_statues_pillars,
          gammafunk_ghost_grave
D:6:      layout_basic, grunt_dithmenos_shadows, hellmonk_ghost_happy_afterlife,
          nicolae_concentric_dashed_squares_mild
D:7:      layout_rooms
Temple:   mainiacjoe_temple_archimedes_tessellation

Skill      XL: |  1  2  3  4  5  6  7  8  9 |
---------------+----------------------------+-----
Stealth        | 2 |  2.0
Translocations | 1 |  1.0
Armour         | 1 2 3 4 5 6 |  6.0
Dodging        | 2 4 |  4.4
Throwing       | 1 2 3 |  3.0
Fighting       | 1 3 5 |  5.9
Shields        | 1 2 4 |  4.0
Evocations     | 1 2 |  2.6
Invocations    | 1 2 3 |  3.0
Spellcasting   | 5 |  5.0
Conjurations   | 2 |  2.0
Short Blades   | 1 3 |  3.1
Summonings     | |  1.0

Action                   |  1- 3 |  4- 6 |  7- 9 || total
-------------------------+-------+-------+-------++-------
Melee: Dagger            |   106 |   113 |   445 ||   664
       Punch             |     1 |       |       ||     1
 Cast: Magic Dart        |     2 |       |       ||     2
  Use: Scroll            |     2 |     7 |     7 ||    16
       Potion            |     2 |     1 |     6 ||     9
 Stab: Sleeping          |     3 |     1 |       ||     4
Armor: Leather armour    |    24 |    14 |       ||    38
       Robe              |     1 |       |       ||     1
       Scale mail        |       |    26 |     1 ||    27
       Chain mail        |       |       |   237 ||   237
       Skin              |       |       |     3 ||     3
Dodge: Dodged            |    55 |    34 |    57 ||   146
Block: Kite shield       |    10 |    48 |   229 ||   287

Table legend: (Time is in decaauts)
 A = Elapsed time spent in this place.
 B = Non-inter-level travel time spent in this place.
 C = Inter-level travel time spent in this place.
 D = Time resting spent in this place.
 E = Time spent auto-exploring this place.
 F = Levels seen in this place.
 G = Mean time per level.
                   A        B        C        D        E       F      G
               +--------+--------+--------+--------+--------+-----+--------+
         Total |   9392 |   8999 |    393 |   3237 |   4196 |   8 | 1174.0 |
       Dungeon |   9150 |   8808 |    342 |   3237 |   4026 |   7 | 1307.1 |
        Temple |    241 |    190 |     51 |      0 |    170 |   1 |  241.0 |
               +--------+--------+--------+--------+--------+-----+--------+

Top non-repeatable levels by time:
     D:5: 2205 daAuts
     D:1: 1988 daAuts
     D:6: 1897 daAuts
     D:4: 1084 daAuts
     D:3: 1016 daAuts
     D:2: 900 daAuts
  Temple: 241 daAuts
     D:7: 57 daAuts
